 Dungeon Crawl Stone Soup version 0.29.1-1-gd02db6906a (webtiles) character file.

Game seed: 16914430821039315799

1672 MisterFreud the Nimble (level 8, -4/40 HPs)
             Began as a Felid Berserker on Sept 20, 2022.
             Was a Priest of Trog.
             Slain by a yak (5 damage)
             ... on level 9 of the Dungeon on Sept 21, 2022.
             The game lasted 00:12:59 (9961 turns).

MisterFreud the Nimble (Felid Berserker)            Turns: 9961, Time: 00:12:59

Health: -4/40      AC:  2    Str: 13    XL:     8   Next: 70%
Magic:  9/9        EV: 33    Int:  9    God:    Trog [***...]
Gold:   526        SH:  0    Dex: 20    Spells: 7/7 levels left
                                        Lives:  0   Deaths: 3

rFire   + . .      SeeInvis +     - Unarmed
rCold   . . .      Faith    +   (shield unavailable)
rNeg    . . .      Spirit   .   (body armour unavailable)
rPois   +          Reflect  .   (helmet unavailable)
rElec   .          Harm     .   (cloak unavailable)
rCorr   +          Rampage  .   (gloves unavailable)
Will    +....                   (boots unavailable)
Stlth   +++++.....              B - amulet "Atsemubb" {Faith rPois rCorr}
HPRegen 0.13/turn               b - ring of protection from fire
MPRegen 0.11/turn               z - +4 ring of evasion

@: studying Dodging, quick
A: very small, claws 1, fangs 3, see invisible, speed 1, shaggy fur 2, stealthy
paws, no weapons or thrown items, no armour, multi-lived
a: Renounce Religion, Berserk, Trog's Hand


You were on level 9 of the Dungeon.
You worshipped Trog.
Trog was most pleased with you.
You visited 1 branch of the dungeon, and saw 9 of its levels.

You collected 526 gold pieces.

Inventory:

Jewellery
 b - a ring of protection from fire (left paw)
 z - a +4 ring of evasion (right paw)
 B - the amulet "Atsemubb" (around neck) {Faith rPois rCorr}
   (You acquired it on level 8 of the Dungeon)

   [amulet of faith]

   It allows you to gain divine favour quickly.
   rPois:     It protects you from poison.
   rCorr:     It protects you from acid and corrosion.
Wands
 k - a wand of polymorph (10)
 m - a wand of mindburst (30)
 r - a wand of paralysis (3)
 v - a wand of roots (8)
 w - a wand of light (9)
Scrolls
 a - a scroll of poison
 e - a scroll of magic mapping
 j - 2 scrolls of teleportation
 o - a scroll of immolation
 u - 2 scrolls of summoning
 y - a scroll of fog
Potions
 c - a potion of haste
 d - 3 potions of ambrosia
 f - 9 potions of curing
 g - 5 potions of attraction
 h - 2 potions of might
 i - a potion of magic {unknown}
 l - 3 potions of degeneration {unknown}
 n - a potion of berserk rage {unknown}
 p - 5 potions of mutation
 q - 5 potions of heal wounds {unknown}
 s - 2 potions of lignification {unknown}
 t - 3 potions of flight
 x - 2 potions of resistance {unknown}


   Skills:
 - Level 8.0 Fighting
 + Level 13.9 Dodging
 - Level 10.0 Stealth
 + Level 8.4 Unarmed Combat


You had 7 spell levels left.
You didn't know any spells.
Your spell library was empty.

Dungeon Overview and Level Annotations

Branches:
Dungeon (9/15)             Temple (0/1) D:6
   Lair: D:8-11         Orc: D:9-12

Altars:
Ashenzari
Dithmenos
Fedhas
Kikubaaqudgha
Sif Muna
Trog
Wu Jian

Annotations:
D:2 Robin
D:5 exclusion: oklob plant
D:6 1 runed translucent door, Isauros's ghost, novice MiHu


Innate Abilities, Weirdness & Mutations

You have sharp claws.
You have razor-sharp teeth.
You have supernaturally acute eyesight. (SInv)
You cover ground quickly. (Speed+)
You are covered in thick fur. (AC +2)
Your paws help you pounce on unaware monsters.
You are incapable of wielding weapons or throwing items.
You cannot wear armour.
You gain extra lives every three experience levels.


Message History

The yak completely misses you. x2
You barely miss the yak.
The yak is moderately wounded.
You barely miss the yak.
The yak is moderately wounded.
The yak closely misses you. x2
You claw the yak! Your claw misses the yak.
The yak is heavily wounded.
The yak barely misses you. The yak closely misses you.
You claw the yak!
The yak is severely wounded.
The yak completely misses you. x2
You claw the yak! You bite the yak, but do no damage.
The yak is moderately wounded.
The yak gores you but does no damage.
You claw the yak!
The yak is severely wounded.
You scratch the yak but do no damage.
The yak is severely wounded.
The yak completely misses you.
You claw the yak!
The yak is almost dead.
You scratch the yak but do no damage.
The yak is almost dead.
The yak misses you. The yak completely misses you.
You closely miss the yak. Your bite misses the yak.
The yak is severely wounded.
The yak closely misses you. The yak completely misses you.
You scratch the yak but do no damage.
The yak is almost dead.
The yak misses you. The yak gores you!
You barely miss the yak. You bite the yak.
The yak is severely wounded.
You are too injured to fight recklessly!
You barely miss the yak.
The yak is severely wounded.
The yak gores you!
* * * LOW HITPOINT WARNING * * *
The yak gores you.
You die...

.....############.....###'####.##
...........................###.##
...........................#.....
...........................#.....
...........................#.....
...........................#.....
...........................#.....
.................).........#.....
...........?...Y@..........######
###########+####Y###'###.......##
...................#...'.......'.
...................#..>#.......#.
..YY......(........#...#.......#.
..Y†...............#...#.......#.
######.####'############.).....#.
##...#.............#######
#..<.#.............'......


You could see 2 yaks.

Vanquished Creatures
  Erica (D:9)
  Maggie (D:6)
  A troll (D:9)
  Grinder (D:4)
  Prince Ribbit (D:6)
  4 yaks (D:9)
  Eustachio (D:4)
  A steam dragon (D:8)
  Edmund (D:6)
  4 orc warriors
  A black bear (D:6)
  A sky beast (D:8)
  An ice beast (D:7)
  2 ogres
  2 kobold brigands
  Blork the orc (D:4)
  2 bullfrogs
  A necrophage (D:8)
  2 scorpions (D:5)
  7 wights
  6 killer bees (D:8)
  A howler monkey (D:7)
  3 orc priests
  3 hounds
  A gnoll bouda (D:5)
  2 iguanas (D:5)
  A jelly (D:6)
  Jessica (D:2)
  11 orc wizards
  Ijyb (D:3)
  4 adders
  15 gnolls
  A white imp (D:6)
  An ufetubus (D:5)
  3 dart slugs
  25 orcs
  11 ball pythons
  10 bats
  7 endoplasms
  A giant cockroach (D:1)
  11 hobgoblins
  7 jackals
  4 quokkas
  3 frilled lizards
  7 goblins
  13 kobolds
  4 rats
193 creatures vanquished.

Vanquished Creatures (others)
  6 plants (D:6)
6 creatures vanquished.

Grand Total: 199 creatures vanquished

Notes
Turn   | Place    | Note
-------+----------+-------------------------------------------
     0 | D:1      | MisterFreud the Felid Berserker began the quest for the
                  | Orb.
     0 | D:1      | Reached XP level 1. HP: 10/10 MP: 2/2
    76 | D:1      | Reached skill level 1 in Stealth
   254 | D:1      | Reached XP level 2. HP: 11/14 MP: 3/3
   763 | D:1      | Reached XP level 3. HP: 17/17 MP: 4/4
   912 | D:1      | Reached ** piety under Trog
  1149 | D:2      | Noticed Jessica
  1152 | D:2      | Killed Jessica
  1153 | D:2      | Reached XP level 4. HP: 21/21 MP: 5/5
  1599 | D:3      | Noticed Robin
  1731 | D:2      | Succumbed to a goblin's poison
  1732 | D:2      | Reached XP level 3. HP: -1/17 MP: 4/4
  1841 | D:3      | Found a faded altar of an unknown god.
  2000 | D:3      | Reached XP level 4. HP: 21/21 MP: 5/5
  2160 | D:3      | Noticed Ijyb
  2163 | D:3      | Paralysed by Ijyb for 3 turns
  2168 | D:3      | Killed Ijyb
  2169 | D:3      | Reached skill level 5 in Stealth
  2505 | D:3      | Reached XP level 5. HP: 24/24 MP: 6/6
  2565 | D:3      | Reached skill level 5 in Unarmed Combat
  3017 | D:4      | Noticed Blork the orc
  3026 | D:4      | Killed Blork the orc
  3027 | D:4      | Gained mutation: You are covered in thick fur. (AC +2)
                  | [Felid growth]
  3027 | D:4      | Reached XP level 6. HP: 28/28 MP: 3/7
  3091 | D:4      | Noticed Eustachio
  3100 | D:4      | Killed Eustachio
  3101 | D:4      | Reached skill level 5 in Dodging
  3105 | D:4      | Reached skill level 6 in Dodging
  3105 | D:4      | Reached XP level 7. HP: 31/31 MP: 8/8
  3579 | D:4      | Reached *** piety under Trog
  3580 | D:4      | Reached skill level 7 in Dodging
  3741 | D:4      | Found an ornate altar of the Wu Jian Council.
  3800 | D:4      | Found a broken altar of Ashenzari.
  3800 | D:4      | Found a shadowy altar of Dithmenos.
  3800 | D:4      | Found a shimmering blue altar of Sif Muna.
  3858 | D:4      | Noticed Grinder
  3865 | D:4      | Paralysed by Grinder for 2 turns
  3870 | D:4      | Killed Grinder
  3871 | D:4      | Reached skill level 8 in Dodging
  3957 | D:4      | Identified the +1 scale mail "Sieputug" {rC+ rN+ Dex+3}
  3994 | D:5      | Entered Level 5 of the Dungeon
  4139 | D:5      | Reached skill level 9 in Dodging
  4233 | D:5      | Reached XP level 8. HP: 34/34 MP: 9/9
  4251 | D:5      | Reached skill level 10 in Dodging
  4730 | D:5      | Identified the +5 quarterstaff "Huysafut" {drain, Fragile
                  | rPois rF+++ Will++}
  4973 | D:5      | Found a blossoming altar of Fedhas.
  4984 | D:5      | Noticed an oklob plant
  5284 | D:6      | Found a runed translucent door.
  5606 | D:6      | Reached skill level 5 in Fighting
  5796 | D:6      | Noticed Isauros's ghost (novice MiHu)
  5948 | D:6      | Found a staircase to the Ecumenical Temple.
  5951 | D:6      | Noticed Edmund
  5967 | D:6      | Killed Edmund
  5969 | D:6      | Reached XP level 9. HP: 42/43 MP: 10/10
  6107 | D:6      | Noticed Maggie
  6136 | D:6      | Killed Maggie
  6190 | D:6      | Identified a scroll of acquirement
  6190 | D:6      | Acquired a manual of Dodging
  6259 | D:6      | Noticed Prince Ribbit
  6266 | D:6      | Killed Prince Ribbit
  6845 | D:7      | Found an ancient bone altar of Kikubaaqudgha.
  6845 | D:7      | Found a bloodstained altar of Trog.
  6899 | D:7      | Reached skill level 11 in Dodging
  7814 | D:8      | Acquired the amulet "Atsemubb" {Faith rPois rCorr}
  7922 | D:8      | Reached skill level 12 in Dodging
  9096 | D:9      | Noticed Erica
  9109 | D:9      | Killed Erica
  9110 | D:9      | Reached skill level 13 in Dodging
  9110 | D:9      | Reached XP level 10. HP: 48/48 MP: 11/11
  9189 | D:9      | Slain by an orc warrior
  9190 | D:9      | Reached XP level 9. HP: -1/44 MP: 10/10
  9581 | D:9      | Noticed a troll
  9595 | D:9      | Killed a troll
  9906 | D:9      | Reached skill level 10 in Stealth
  9910 | D:9      | Mangled by a yak
  9911 | D:9      | Reached XP level 8. HP: -6/60 MP: 9/9
  9961 | D:9      | HP: 1/40 [yak (12)]
  9961 | D:9      | Slain by a yak

Illustrated notes

Levels and vault maps discovered:
D:1:      dreamdust_arrival_beginning_and_end, layout_basic, minmay_box_of_dots
D:2:      cheibrodos_old_hovel, layout_loops_cross, minmay_pentomino_pile,
          uniq_jessica
D:3:      layout_loops_cross, hellmonk_ecumenical_altar_run_dry,
          minmay_door_square, uniq_robin, uniq_ijyb
D:4:      layout_basic, gammafunk_temple_overflow_claw,
          pdpol_wu_jian_five_deadly_venoms, uniq_grinder, uniq_blork_the_orc,
          uniq_eustachio
D:5:      layout_loops_ring, tgw_fedhas
D:6:      layout_cave_pools, minmay_temple_entry_gardened_gates,
          ebering_ghost_sewer_d, minivault_23, uniq_edmund, uniq_maggie,
          uniq_prince_ribbit1
D:7:      layout_loops_ring, gammafunk_temple_overflow_pools,
          grunt_decor_arrowhead, kennysheep_cross_bottleneck
D:8:      layout_gridville
D:9:      layout_gridville, chequers_hall_statues_corner_a, uniq_erica

Skill      XL: |  1  2  3  4  5  6  7  8  9 |
---------------+----------------------------+-----
Stealth        | 1 2 3 5 6 10 | 10.0
Unarmed Combat | 4 5 6 8 |  8.4
Dodging        | 6 9 10 13 | 13.9
Fighting       | 7 8 |  8.0

Action                   |  1- 3 |  4- 6 |  7- 9 | 10-12 || total
-------------------------+-------+-------+-------+-------++-------
Melee: Unarmed           |    80 |    83 |   439 |     5 ||   607
       Bite              |     6 |     4 |    61 |     2 ||    73
       Punch             |     2 |     1 |    16 |     2 ||    21
Invok: Berserk           |     2 |     6 |    15 |       ||    23
       Trog's Hand       |       |       |     4 |       ||     4
  Use: Scroll            |       |       |    19 |       ||    19
       Potion            |       |       |     1 |     1 ||     2
 Stab: Sleeping          |     9 |     8 |    16 |       ||    33
       Distracted        |     1 |       |       |       ||     1
Armor: Skin              |     4 |     3 |    13 |       ||    20
Dodge: Dodged            |    61 |    64 |   439 |     2 ||   566
